Map: Dash and Terminal LE (Void)

Players

Toons - Winner!

  • Race: Zerg Zerg
  • League: Silver

Zeneleus

  • Race: Protoss Protoss

VOD

Have the link to the VOD?

Description

Time

  • Played on: Aug. 4, 2015, 9:14 p.m.
  • Length: 9:49
Show
View Real Time Build Order
Export as new Build Order

Toons Zerg - Winner!

Build Orders: Pool First 

Get SALT Encoding   

  12  0:01  Drone  
  13  0:10  Drone  
  14  0:16  Overlord  
  14  0:34  Spawning Pool  
  13  0:39  Drone  
  13  0:40  Drone  
  15  0:50  Drone  
  15  0:52  Drone  
  17  1:00  Extractor  
  16  1:04  Drone  
  17  1:19  Hatchery  
  17  1:24  Zergling x4  
  18  1:33  Queen  
  20  1:41  Overlord  
  20  1:49  Drone  
  21  1:59  Drone  
  22  2:05  Metabolic Boost  
  22  2:07  Drone  
  23  2:20  Zergling x2  
  24  2:32  Extractor  
  23  2:40  Roach Warren  
  23  2:42  Drone x2  
  23  2:44  Drone  
  25  2:45  Queen  
  27  2:51  Drone  
  28  2:59  Drone  
  28  3:00  Drone, Overlord  
  30  3:25  Drone x3  
  33  3:28  Extractor  
  32  3:49  Lair  
  32  3:55  Spore Crawler  
  31  3:59  Spore Crawler  
  31  4:02  Overlord, Roach  
  32  4:03  Roach x4  
  40  4:26  Drone x7  
  40  4:27  Drone  
  48  4:32  Overlord  
  48  5:01  Roach x4  
  48  5:02  Overlord, Roach x2  
  60  5:09  Evolution Chamber, Glial Reconstitution  
  59  5:16  Overlord  
  59  5:26  Drone x2  
  59  5:27  Drone  
  59  5:28  Zergling x4  
  64  5:52  Hatchery  
  64  5:54  Zerg Missile Weapons Level 1  
  63  6:02  Zergling x8  
  63  6:03  Zergling x6  
  70  6:16  Spire  
  69  6:19  Spore Crawler  
  69  6:20  Drone  
  69  6:21  Spore Crawler  
  68  6:33  Queen  
  68  6:37  Overlord  
  70  6:51  Spore Crawler  
  70  6:53  Spore Crawler, Drone  
  70  6:54  Drone x4  
  73  7:11  Queen  
  75  7:28  Overlord  
  75  7:29  Corruptor x3  
  77  7:46  Mutalisk x2  
  77  7:47  Mutalisk x2  
  77  7:49  Zergling x2  
  84  8:03  Mutalisk x3  
  90  8:34  Roach x4  
  94  8:51  Corruptor x2, Zergling x2  
  94  8:52  Corruptor  
  96  9:06  Overlord x3  
Show
View Real Time Build Order
Export as new Build Order

Zeneleus Protoss 

Build Orders:  

Get SALT Encoding   

  12  0:01  Probe  
  13  0:14  Pylon  
  13  0:18  Probe  
  14  0:32  Probe  
  15  0:39  Gateway  
  15  0:44  Assimilator  
  16  0:50  Probe (Chrono Boost)  
  16  1:06  Probe (Chrono Boost), Assimilator  
  18  1:18  Probe (Chrono Boost)  
  18  1:38  Cybernetics Core  
  18  1:44  Zealot  
  20  1:47  Probe (Chrono Boost)  
  20  2:07  Pylon  
  20  2:15  Warp Gate  
  20  2:19  Probe (Chrono Boost)  
  21  2:26  Gateway  
  21  2:28  Probe (Chrono Boost)  
  22  2:36  Probe  
  23  2:51  Pylon  
  25  3:13  Adept (Chrono Boost)  
  25  3:23  Robotics Facility  
  24  3:27  Stargate  
  24  3:30  Probe (Chrono Boost)  
  24  3:33  Adept (Chrono Boost)  
  27  3:39  Probe (Chrono Boost)  
  28  3:45  Pylon  
  28  3:54  Twilight Council  
  28  3:58  Probe (Chrono Boost)  
  29  4:07  Sentry, Probe (Chrono Boost)  
  29  4:09  Sentry  
  34  4:13  Observer  
  35  4:20  Void Ray (Chrono Boost)  
  35  4:23  Probe  
  40  4:41  Gateway, Probe  
  41  4:49  Gateway  
  41  5:01  Mothership Core  
  43  5:17  Charge  
  43  5:25  Gateway  
  43  5:57  Pylon  
  43  6:04  Forge  
  43  6:26  Probe (Chrono Boost)  
  43  6:29  Void Ray  
  48  6:35  Pylon  
  48  6:39  Pylon  
  48  6:43  Photon Cannon  
  48  6:50  Pylon  
  48  6:53  Probe  
  49  7:16  Pylon  
  49  7:25  Probe (Chrono Boost)  
  49  7:29  Gateway  
  50  7:31  Gateway  
  50  7:34  Probe (Chrono Boost)  
  51  7:40  Photon Cannon  
  51  7:43  Pylon  
  51  7:46  Pylon  
  51  7:53  Pylon  
  51  8:06  Zealot x3  
  51  8:07  Zealot  
  59  8:13  Void Ray  
  63  8:23  Zealot  
  63  8:24  Zealot x3  
  69  8:54  Zealot x5  
  69  8:55  Zealot x2  
  47  9:14  Photon Cannon  
Tags
 
Add a new tag
Caveats
  • Supply blocks, unpowered buildings, or Contaminate may cause inaccurate times.
  • Supply counts are checked every 10 seconds.